[Event "*** Titled Tuesday Blitz"]
[Site "Chess.com"]
[Date "2018.12.04"]
[Round "3"]
[White "MikaelyanArman"]
[Black "Panchenko_Dmitry"]
[Result "0-1"]
[WhiteElo "2772"]
[BlackElo "2548"]
[TimeControl "180+2"]
[EndTime "13:40:24 PST"]
[Termination "Panchenko_Dmitry won on time"]

1. e4 e5 2. Nf3 Nf6 3. Nxe5 d6 4. Nf3 Nxe4 5. c4 Nc6 6. Nc3 Nxc3 7. dxc3 g6 8. Bg5 Be7 9. Be3 Bf6 10. Be2 O-O 11. O-O b6 12. Nd4 Nxd4 13. Bxd4 Bb7 14. Bf3 Bxf3 15. Qxf3 Bxd4 16. cxd4 Qg5 17. Qc6 Qd2 18. Qxc7 Qxd4 19. b3 Qc5 20. Qb7 Rfb8 21. Qf3 b5 22.
Rac1 Rc8 23. h4 Rab8 24. g3 bxc4 25. Rxc4 Qe5 26. Re4 Qa5 27. Re7 Rf8 28. Re2 h5 29. Rfe1 Rb5 30. Qc6 Qb6 31. Qd7 Rf5 32.
Rd1 Rf6 33. Qe7 Kg7 34. Re3 Rc8 35. Qe4 Kg8 36. Qd3 Qc5 37. Rf3 Rxf3 38. Qxf3 Re8 39.
Kg2 Re6 40. Rd5 Qc2 41. Ra5 Kg7 42. Rxa7 Rf6 43. Qe3 Qc6+ 44. Kg1 Qd5 45. Re7 Qd1+ 46. Qe1 Qc2 47. Re2 Qc5 48. Re3 Qc2 49. Qe2 Qc1+ 50. Kg2 Qc6+ 51. Kh2 Qc5 52. a4 d5 53. Rf3 Re6 54.
Qd2 d4 55. Rd3 Rd6 56. a5 Rd5 57. a6 Qb6 58. Qa2 Ra5 59. Qb2 Qxa6 60. Qxd4+ Kh7 61.
Re3 Rf5 62. Re8 Rf6 63. b4 Qc6 64. Re2 Rf5 65. Rb2 Qb5 66. Rc2 Rd5 67. Qf4 Rf5 68. Qe4 Qf1 69. Qe2 Qb1 70. Qd2 Qb3 71. Rc8 Qf3 72.
Kg1 Rd5 73. Rc3 Qe4 0-1

[Event "*** Titled Tuesday Blitz"]
[Site "Chess.com"]
[Date "2018.12.04"]
[Round "3"]
[White "ajkom197"]
[Black "AliKa2810"]
[Result "1-0"]
[WhiteElo "2387"]
[BlackElo "2476"]
[TimeControl "180+2"]
[EndTime "13:40:26 PST"]
[Termination "ajkom197 won on time"]

1. d4 Nf6 2. Nf3 d5 3. g3 c6 4.
Bg2 Bf5 5. O-O e6 6. b3 Nbd7 7. Bb2 Be7 8. Nbd2 O-O 9. c4 a5 10. Ne5 Nxe5 11. dxe5 Nd7 12. e4 dxe4 13. Nxe4 Bxe4 14.
Bxe4 Qc7 15. f4 Rad8 16. Qe2 Nc5 17. Bc2 a4 18. b4 Qb6 19. bxc5 Bxc5+ 20. Kh1 Qb4 21. a3 Qd2 22. Qe4 g6 23. Rad1 Qa5 24. g4 Qb6 25. Bc1 Rxd1 26. Rxd1 Rd8 27. Rxd8+ Qxd8 28. f5 Qh4 29. fxg6 hxg6 30. Qe2 b5 31. cxb5 cxb5 32. Kg2 Kg7 33. h3 Bd4 34. Bd2 Qe7 35.
Qxb5 Qxa3 36. Qxa4 Qc5 37. Bf4 Bxe5 38. Bxe5+ Qxe5 39. Qe4 Qc3 40. Qd3 Qb2 41. Kg3 Qe5+ 42. Kg2 Qb2 43. Qe2 Qc3 44. Bd3 Qd4 45. Qe4 Qb2+ 46. Be2 Qc3 47. Qd3 Qb2 48. Kf2 Qb6+ 49. Kf3 Qc6+ 50. Kf2 Qb6+ 51. Qe3 Qb2 52. Kf3 Qf6+ 53. Qf4 Qc3+ 54. Kg2 Qb2 55. Qf3 Qd4 56. h4 f5 57.
g5 Qxh4 58. Qb7+ Kf8 59. Qc8+ Ke7 60. Qc7+ Kf8 61. Qd8+ Kg7 62. Qf6+ Kh7 63. Qf7+ Kh8 64. Qxg6 Qe4+ 65. Bf3 Qc2+ 66. Kh3 Qc3 67. Qh6+ Kg8 68.
Qxe6+ Kg7 69. Qxf5 Qe3 70. Qf6+ Kg8 71. Kg4 Qg1+ 72.
Kf4 Qc1+ 73. Ke5 Qc3+ 74. Kf4 Qc1+ 75. Kf5 Qc2+ 76. Be4 Qf2+ 77. Kg6 1-0

[Event "*** Titled Tuesday Blitz"]
[Site "Chess.com"]
[Date "2018.12.04"]
[Round "3"]
[White "SantoBlue"]
[Black "David_Paravyan"]
[Result "1/2-1/2"]
[WhiteElo "2715"]
[BlackElo "2831"]
[TimeControl "180+2"]
[EndTime "13:40:30 PST"]
[Termination "Game drawn by agreement"]

1. e4 e5 2. Nf3 Nf6 3. Nc3 Nc6 4.
Bb5 Nd4 5. O-O Nxb5 6. Nxb5 c6 7. Nc3 Qc7 8. d4 d6 9. Re1 Be7 10. a4 O-O 11. h3 h6 12. b3 b6 13. Ba3 a5 14. Qd2 Ba6 15. Rad1 Rad8 16. Nh4 Bc8 17. Qe3 Rfe8 18. dxe5 dxe5 19. Bxe7 Rxe7 20. Ne2 Red7 21. Rxd7 Bxd7 22. Ng3 Be6 23. Nhf5 Kh7 24. Kh2 c5 25. c4 Qd7 26. Qf3 Qd3 27. Qxd3 Rxd3 28.
Re3 Rd2 29. Kg1 Ng8 30. Kf1 g6 31. Nh4 f6 32. Nf3 Rd7 33. Ke2 Ne7 34. Rd3 Nc6 35. Rxd7+ Bxd7 36. Kd3 Kg7 37. Nf1 Kf7 38. Ne3 Ke6 39.
Nd5 Nb4+ 40. Kc3 Nxd5+ 41. cxd5+ Kd6 42. Nd2 Kc7 43. Nc4 Bc8 44. Kd3 Bd7 45. Ke3 g5 46. Kf3 h5 47. Kg3 Bc8 48. h4 g4 49. f4 gxf3 50. gxf3 Ba6 51. Ne3 b5 52. axb5 Bxb5 53.
f4 Be2 54. fxe5 fxe5 55. Kf2 Bd3 56. Kf3 Kd7 57. Nf5 c4 58. Ke3 Bxe4 59. Kxe4 cxb3 60.
Kd3 a4 61. Kc3 e4 62. Kb2 Kc7 63. Ka3 Kb6 64. Kb2 Kc5 65. d6 Kc6 66. Kc3 Kd7 67.
Kb2 Ke6 68. Ka3 Kd7 69. Kb2 e3 70. Nxe3 Kxd6 71. Nf5+ Ke5 72. Ng3 Kf4 73. Nxh5+ Kg4 74.
Nf6+ Kxh4 75. Nd7 a3+ 1/2-1/2

[Event "*** Titled Tuesday Blitz"]
[Site "Chess.com"]
[Date "2018.12.04"]
[Round "3"]
[White "Alexander_Donchenko"]
[Black "Parhamov"]
[Result "1/2-1/2"]
[WhiteElo "2689"]
[BlackElo "2847"]
[TimeControl "180+2"]
[EndTime "13:41:25 PST"]
[Termination "Game drawn by agreement"]

1. Nf3 d5 2. g3 c6 3. Bg2 h6 4. O-O Bf5 5. d3 Nd7 6. c4 e6 7.
cxd5 cxd5 8. Nc3 Ngf6 9. e4 dxe4 10. dxe4 Bh7 11. Qe2 Bb4 12. Rd1 O-O 13. Nd4 Qb8 14. Bd2 a6 15. a3 Bc5 16. Be3 Rc8 17. Rac1 Ba7 18. h3 Ne5 19. Bf4 g5 20. Be3 Nc4 21. e5 Qxe5 22. Bxb7 Nxe3 23. Qxe3 Qxe3 24. fxe3 e5 25. Nc2 Rxc3 26. bxc3 Rb8 27. Bxa6 Ne4 28. Rd7 Bc5 29. Bc4 Bg6 30. Rf1 Nd6 31. Rc7 Bb6 32.
Rc6 Nxc4 33. Rxc4 Bxc2 34. Kf2 Bd3 35. Rb4 Bxf1 36. Kxf1 Bc7 37. Rc4 Bd6 38. a4 f5 39.
g4 fxg4 40. hxg4 Kf7 41. Ke2 Ke6 42. a5 Rb2+ 43. Kf3 Ra2 44. Rc8 Rxa5 45. Rh8 Bf8 46.
Rxf8 Rc5 47. Rh8 Rxc3 48. Rxh6+ Kd5 49. Rg6 e4+ 50. Ke2 Rc2+ 51. Kd1 Rg2 52. Rxg5+ Kc4 53.
Ra5 Rxg4 54. Ra3 Rg2 55. Ke1 Rc2 56. Ra4+ Kd3 57. Ra3+ Rc3 58. Ra1 Kxe3 59. Kf1 Kf3 60. Kg1 e3 61. Rf1+ Ke2 62. Ra1 Rd3 63. Kg2 Rd1 64.
Ra2+ Rd2 65. Ra1 Rc2 66. Kg3 Rc8 67. Ra2+ Kd3 68. Ra3+ Kd2 69. Ra2+ Rc2 70. Ra1 Rc1 71. Ra2+ Kd3 72. Ra3+ Rc3 73. Ra2 Rc8 74. Ra3+ Kd2 75. Ra2+ Rc2 76. Ra1 Ke2 77. Kg2 Rd2 78. Kg3 Rb2 79.
Kg2 Kd3+ 80. Kf1 Kd2 81. Kg2 Rc2 82. Kf3 Rc3 83. Ra2+ Kd3 84. Re2 Kd4 85. Ra2 Rb3 86.
Ke2 Rb4 87. Ra8 Rb2+ 88. Ke1 Rh2 89. Rd8+ Ke4 90. Re8+ Kd4 91. Rd8+ 1/2-1/2

[Event "*** Titled Tuesday Blitz"]
[Site "Chess.com"]
[Date "2018.12.04"]
[Round "3"]
[White "jmduque"]
[Black "wadsy27"]
[Result "1-0"]
[WhiteElo "2399"]
[BlackElo "2408"]
[TimeControl "180+2"]
[EndTime "13:41:28 PST"]
[Termination "jmduque won by resignation"]

1. e4 c5 2. Nf3 e6 3. d4 cxd4 4. Nxd4 Nc6 5. Nc3 Qc7 6. Be2 a6 7. O-O Nf6 8. Be3 Bb4 9. Na4 Be7 10. Nxc6 bxc6 11. Nb6 Rb8 12. Nxc8 Qxc8 13. Bd4 c5 14. Be5 Rb6 15. Qd3 Qb7 16. Bf3 d6 17.
Bc3 e5 18. b3 O-O 19. g3 c4 20. bxc4 Rc8 21. Ba5 Rb2 22. Rfe1 h6 23. a3 Nd7 24.
Bb4 Nc5 25. Qd5 Qxd5 26. cxd5 Rxc2 27. Rec1 Nb3 28. Rxc2 Rxc2 29. Rb1 Nd4 30. Bd1 Rc8 31. Bd2 Bg5 32. f4 Bd8 33. fxe5 dxe5 34. d6 Rc6 35. d7 Rd6 36. Bg4 h5 37. Bb4 Rb6 38. Bh3 a5 39. Rc1 axb4 40. Rc8 Nc6 41. axb4 Kf8 42. b5 Rxb5 43. Rxc6 g5 44. Bf5 Rb6 45. Rc8 Ke7 46. h3 Rb2 47. g4 hxg4 48. hxg4 Rd2 49. Kf1 Rb2 50. Ke1 Ra2 51. Kd1 Rb2 52. Kc1 Rf2 53.
Rc6 Rg2 54. Rh6 Rf2 55. Rh8 Rxf5 56. gxf5 Kxd7 57. Rg8 Bf6 58. Kc2 Ke7 59. Kd3 Kd6 60. Kc4 Be7 61. Rg7 f6 62. Rg6 Bd8 63. Rg7 Be7 64. Rg8 Kc6 65. Rc8+ Kd6 66. Ra8 Kc6 67. Ra5 Bd8 68. Ra6+ Bb6 69. Ra8 Kd6 70. Rf8 Ke7 71. Rb8 Bc7 72. Rb7 Kd6 73. Rb1 Kc6 74. Rh1 Bd8 75.
Rh8 Be7 76. Re8 Kd7 77. Ra8 Bd8 78. Kd5 Bc7 79. Rf8 Bd8 80. Rf7+ Be7 81. Rg7 Kd8 82. Ke6 Bf8 83. Ra7 Bc5 84. Ra8+ Kc7 85. Kxf6 g4 86.
Rg8 g3 87. Rxg3 Kc6 88. Ke6 Kb5 89. f6 Kc4 90. f7 Kd4 91. Rg4 Ke3 92. Kd5 1-0

[Event "*** Titled Tuesday Blitz"]
[Site "Chess.com"]
[Date "2018.12.04"]
[Round "3"]
[White "AdrianaNikolova"]
[Black "JMatias"]
[Result "1-0"]
[WhiteElo "2399"]
[BlackElo "2355"]
[TimeControl "180+2"]
[EndTime "13:41:34 PST"]
[Termination "AdrianaNikolova won by resignation"]

1. e4 e6 2. d4 d5 3. Nd2 Nf6 4. e5 Nfd7 5. c3 c5 6. f4 Nc6 7. Ndf3 Qb6 8. a3 a5 9. b3 Be7 10. Bb2 a4 11. b4 cxd4 12. cxd4 Qa7 13. Bd3 Nb6 14. Qc2 Bd7 15. Ne2 Rc8 16. Qb1 Nc4 17.
Bxc4 dxc4 18. Qe4 Nd8 19. O-O Bc6 20. Qe3 b5 21. Nd2 Qa8 22. Qg3 g6 23. Nc3 Rc7 24. Rae1 Rd7 25. Qf2 Bd5 26. Nde4 Nc6 27. Nxd5 Rxd5 28.
Bc3 O-O 29. Rd1 Rfd8 30. Rd2 R8d7 31. Rfd1 Qd8 32. g4 Kh8 33. Kf1 Qf8 34. f5 Qh6 35. f6 Bd8 36. g5 Qh3+ 37. Kg1 Bb6 38. Nd6 R7xd6 39. exd6 Rxd6 40. Qg3 Qxg3+ 41. hxg3 Rd5 42. Kg2 Kg8 43. Kf3 Nb8 44. Ke4 Nd7 45. Rh2 Nf8 46.
Kf4 Bc7+ 47. Kg4 Bb6 48. Rdd2 Bd8 49. Rd1 h5+ 50. gxh6 Bxf6 51. Rf2 Nh7 52. Rdf1 Rg5+ 53. Kh3 Rh5+ 54. Kg2 Rf5 55. Rxf5 gxf5 56. g4 fxg4 57. Kg3 Kf8 58. Kxg4 Ke7 59. Re1 Kd6 60. Re3 Kd5 61. Rh3 Bh8 62. Rh5+ Kd6 63. Rxb5 Nf6+ 64. Kf3 Nd5 65.
Be1 c3 66. Bf2 c2 67. Rc5 Ne7 68. Bg3+ Kd7 69. Rxc2 Nf5 70. Bf2 Nxh6 71. Rc5 Nf5 72. Ra5 Bxd4 73. Bxd4 Nxd4+ 74. Ke4 Nc6 75. Rxa4 f5+ 76.
Kd3 Ne5+ 77. Kd4 Nc6+ 78. Kc5 Ne5 79. b5 f4 80. Re4 Nd3+ 81. Kd4 Nc1 82. Kc5 f3 83.
Rd4+ Ke7 84. Kc6 f2 85. Rf4 Nd3 86. Rxf2 Nxf2 87. b6 Nd3 88. b7 Ne5+ 89. Kc7 Nd7 90.
a4 e5 91. a5 e4 92. a6 e3 93. a7 e2 94. a8=Q e1=Q 95. Qd8+ Kf7 96. Qxd7+ Kg6 97. Qd6+ Kf5 98. b8=Q Qc3+ 99. Kd7 Qg7+ 100. Kc6 Qg2+ 101. Qd5+ 1-0

[Event "*** Titled Tuesday Blitz"]
[Site "Chess.com"]
[Date "2018.12.04"]
[Round "4"]
[White "Squirlolz"]
[Black "JordanaEmiel"]
[Result "1-0"]
[WhiteElo "2470"]
[BlackElo "2035"]
[TimeControl "180+2"]
[EndTime "13:44:29 PST"]
[Termination "Squirlolz won by resignation"]

1. b3 e5 2. Bb2 Nc6 3. e3 f5 4. d4 d6 5. dxe5 dxe5 6. Qxd8+ Kxd8 7. Bb5 Bd6 8. Nf3 Nge7 9. Na3 h6 10. Nc4 e4 11.
Nxd6 cxd6 12. Nd4 Bd7 13. Be2 Rg8 14. Rd1 d5 15. c4 dxc4 16. Bxc4 Rf8 17. Ne6+ 1-0

[Event "*** Titled Tuesday Blitz"]
[Site "Chess.com"]
[Date "2018.12.04"]
[Round "4"]
[White "Godzillator"]
[Black "Grieve72"]
[Result "1-0"]
[WhiteElo "2379"]
[BlackElo "2301"]
[TimeControl "180+2"]
[EndTime "13:44:29 PST"]
[Termination "Godzillator won by resignation"]

1. d4 d5 2. c4 e6 3. cxd5 exd5 4. Nc3 Bf5 5. Qb3 Nc6 6. Nf3 Nb4 7. e4 dxe4 8. Ne5 Be6 9. Bc4 Qxd4 10. Bxe6 Nc2+ 11. Qxc2 fxe6 12. Qxe4 O-O-O 13. Qxd4 Rxd4 14. Be3 1-0

[Event "*** Titled Tuesday Blitz"]
[Site "Chess.com"]
[Date "2018.12.04"]
[Round "4"]
[White "anesar92"]
[Black "bubacik"]
[Result "0-1"]
[WhiteElo "2671"]
[BlackElo "2672"]
[TimeControl "180+2"]
[EndTime "13:44:52 PST"]
[Termination "bubacik won by resignation"]

1. e4 e6 2. d4 d5 3. Nd2 Nf6 4. e5 Nfd7 5. f4 c5 6. Ngf3 Nc6 7. Nb3 Be7 8. dxc5 Nxc5 9. Be3 b6 10. Be2 O-O 11. O-O Bb7 12. c3 Ne4 13. Nbd4 Rc8 14. Nf5 exf5 0-1

[Event "*** Titled Tuesday Blitz"]
[Site "Chess.com"]
[Date "2018.12.04"]
[Round "4"]
[White "DonPreuss"]
[Black "julinha97"]
[Result "1-0"]
[WhiteElo "2168"]
[BlackElo "2104"]
[TimeControl "180+2"]
[EndTime "13:45:08 PST"]
[Termination "DonPreuss won by resignation"]

1. d4 Nf6 2. Nc3 d5 3. e4 dxe4 4. f3 exf3 5. Nxf3 e6 6. Bd3 Be7 7. O-O h6 8. Qe1 O-O 9. Qh4 Nd5 10. Qg3 Bd6 11. Qh3 e5 12. Qh5 Nxc3 13. bxc3 exd4 14.
Bxh6 gxh6 15. Qxh6 f5 16. Bc4+ 1-0

[Event "*** Titled Tuesday Blitz"]
[Site "Chess.com"]
[Date "2018.12.04"]
[Round "4"]
[White "Kimster98"]
[Black "matiss90"]
[Result "1-0"]
[WhiteElo "2565"]
[BlackElo "2415"]
[TimeControl "180+2"]
[EndTime "13:45:28 PST"]
[Termination "Kimster98 won by resignation"]

1. e4 c5 2. Nf3 d6 3. Bb5+ Bd7 4. Bxd7+ Qxd7 5. O-O Nf6 6. Qe2 Nc6 7. Rd1 g5 8. e5 g4 9. exf6 gxf3 10. Qxf3 O-O-O 11.
fxe7 Bxe7 12. c3 Rhg8 13. d4 h5 14. dxc5 Ne5 15. Qe4 Qh3 16. Kh1 Ng4 17. Qf5+ Kb8 18. gxh3 Ne5 19. cxd6 Bxd6 20. Bf4 1-0

[Event "*** Titled Tuesday Blitz"]
[Site "Chess.com"]
[Date "2018.12.04"]
[Round "4"]
[White "catalin009"]
[Black "LawrenceTrent"]
[Result "0-1"]
[WhiteElo "2347"]
[BlackElo "2474"]
[TimeControl "180+2"]
[EndTime "13:46:40 PST"]
[Termination "LawrenceTrent won by resignation"]

1. Nf3 g6 2. g3 Bg7 3. Bg2 e5 4. O-O Ne7 5. c4 O-O 6. d4 exd4 7. Nxd4 Nbc6 8. Nxc6 bxc6 9. Nc3 Rb8 10. Qc2 d6 11. b3 Bf5 12. e4 Bd7 13. Bb2 c5 14. Rad1 Nc6 15. Nd5 Nd4 16. Qb1 c6 17. Ne3 a5 18.
Nc2 Qb6 19. Nxd4 cxd4 20. c5 dxc5 21. Ba3 Rfd8 22. Qc2 Bf8 23. Rc1 c4 24. Qxc4 Bxa3 0-1

[Event "*** Titled Tuesday Blitz"]
[Site "Chess.com"]
[Date "2018.12.04"]
[Round "4"]
[White "ValeriyGrinev"]
[Black "Bauxi435"]
[Result "1-0"]
[WhiteElo "2562"]
[BlackElo "2382"]
[TimeControl "180+2"]
[EndTime "13:47:00 PST"]
[Termination "ValeriyGrinev won by resignation"]

1. c4 Nf6 2. g3 c5 3. Bg2 d5 4.
cxd5 Nxd5 5. Nc3 Nc7 6. Nf3 Nc6 7. O-O e5 8. Ne1 Bd7 9. Nd3 f6 10. f4 exf4 11. Nxf4 Be7 12. Qb3 b6 13. e3 Rb8 14.
Ncd5 Nxd5 15. Bxd5 Na5 16. Bf7+ Kf8 17. Qd5 Bg4 18. h3 Qxd5 19. Bxd5 Bd7 20. b3 Bd6 21. Bb2 Bxf4 22. Rxf4 Bxh3 23. g4 h5 24. g5 Rd8 25.
gxf6 gxf6 26. Bxf6 Rxd5 27. Bxh8+ Kg8 28. Bc3 Nc6 29.
Kh2 Bg4 30. Raf1 b5 31. Rf8+ Kh7 32. R8f7+ Kg6 33. R7f6+ Kg5 34. Rxc6 b4 35. Bf6+ Kg6 36.
Bd4+ Kg5 37. Rxc5 1-0

[Event "*** Titled Tuesday Blitz"]
[Site "Chess.com"]
[Date "2018.12.04"]
[Round "4"]
[White "Mikhail_Golubev"]
[Black "PlotnikovPavel"]
[Result "1-0"]
[WhiteElo "2470"]
[BlackElo "2346"]
[TimeControl "180+2"]
[EndTime "13:47:00 PST"]
[Termination "Mikhail_Golubev won by resignation"]

1. e4 e6 2. d4 d5 3. Nc3 Nf6 4.
Bg5 Be7 5. e5 Nfd7 6. h4 a6 7. Qg4 h5 8. Qg3 Bxg5 9. hxg5 g6 10. f4 c5 11. Nf3 Nc6 12. Qf2 Qb6 13. O-O-O cxd4 14. Nxd4 Nxd4 15. Qxd4 Qxd4 16. Rxd4 Ke7 17. g4 h4 18. Rd2 b5 19. Rdh2 Bb7 20. Bg2 Nc5 21.
Rxh4 Rxh4 22. Rxh4 d4 23. Bxb7 Nxb7 24. Ne4 Rc8 25. Rh7 d3 26. c3 b4 27. Kd2 bxc3+ 28. bxc3 Nc5 29. Rxf7+ Kxf7 30. Nd6+ 1-0

[Event "*** Titled Tuesday Blitz"]
[Site "Chess.com"]
[Date "2018.12.04"]
[Round "4"]
[White "Parhamov"]
[Black "Atanejhad"]
[Result "1-0"]
[WhiteElo "2848"]
[BlackElo "2272"]
[TimeControl "180+2"]
[EndTime "13:47:02 PST"]
[Termination "Parhamov won by resignation"]

1. Nf3 Nf6 2. d4 c5 3. c4 e6 4. g3 cxd4 5. Nxd4 Bb4+ 6. Bd2 Bxd2+ 7. Nxd2 Nc6 8. N4b3 O-O 9. Bg2 d5 10. O-O b6 11.
Rc1 Bb7 12. cxd5 Nxd5 13. Nc4 Rc8 14. e4 Ndb4 15. Nd6 Rc7 16. Nxb7 Rxb7 17. a3 Rd7 18. Qe2 Nd4 19. Nxd4 Rxd4 20. axb4 Rd2 21. Qa6 Rxb2 22. Qxa7 Rxb4 23. Qc7 Qf6 24. Qc3 1-0

[Event "*** Titled Tuesday Blitz"]
[Site "Chess.com"]
[Date "2018.12.04"]
[Round "4"]
[White "1stSecond"]
[Black "mazetofonias"]
[Result "1-0"]
[WhiteElo "2629"]
[BlackElo "2557"]
[TimeControl "180+2"]
[EndTime "13:47:18 PST"]
[Termination "1stSecond won by resignation"]

1. Nf3 Nf6 2. c4 e6 3. Nc3 Bb4 4. Qc2 O-O 5. a3 Bxc3 6. Qxc3 c5 7. g3 b6 8. Bg2 Bb7 9. b4 d6 10. O-O Nc6 11. Bb2 e5 12. e3 Re8 13. d3 Qd7 14. Rfe1 a5 15. b5 Ne7 16. d4 exd4 17. exd4 Nf5 18. d5 Rxe1+ 19. Rxe1 Re8 20. Bh3 Bc8 21.
Nh4 Rxe1+ 22. Qxe1 Nxh4 23. Bxd7 Nf3+ 24. Kf1 Nxe1 25.
Bxc8 Nd3 26. Bc3 Ne4 27. Bxa5 Ne5 28. Bxb6 Nxc4 29. Bc7 Nc3 30. b6 Nxb6 31. Bxb6 Nxd5 32. Bd8 Nc3 33. Be7 c4 34. Bxd6 Nb5 35. Bb4 c3 36.
Ke2 c2 37. Kd2 1-0

[Event "*** Titled Tuesday Blitz"]
[Site "Chess.com"]
[Date "2018.12.04"]
[Round "4"]
[White "cool4chess"]
[Black "colegiodemadrid"]
[Result "0-1"]
[WhiteElo "2246"]
[BlackElo "2283"]
[TimeControl "180+2"]
[EndTime "13:47:21 PST"]
[Termination "colegiodemadrid won by resignation"]

1. e4 e5 2. Nf3 Nc6 3. Bb5 a6 4. Ba4 Nf6 5. O-O b5 6. Bb3 d6 7. c3 Be7 8. Re1 O-O 9. d4 Bg4 10. Be3 Na5 11. dxe5 Bxf3 12. Qxf3 dxe5 13. Bc2 Nc4 14.
Bc1 Qd7 15. b3 Nd6 16. Qg3 Qe6 17. Nd2 Nh5 18. Qf3 Nf4 19. Nf1 Ng6 20. Ne3 Nh4 21.
Qg3 Qg6 22. Qxe5 Nf3+ 23. Kf1 Nxe5 24. f4 Bf6 25. Nd5 c6 26. fxe5 cxd5 27. exd6 Bxc3 28. e5 Qxc2 0-1

[Event "*** Titled Tuesday Blitz"]
[Site "Chess.com"]
[Date "2018.12.04"]
[Round "4"]
[White "NateSolon"]
[Black "nochewycandy"]
[Result "1-0"]
[WhiteElo "2504"]
[BlackElo "2289"]
[TimeControl "180+2"]
[EndTime "13:47:29 PST"]
[Termination "NateSolon won by resignation"]

1. e4 g6 2. d4 Bg7 3. Nc3 d6 4. f4 a6 5. Nf3 b5 6. Bd3 Nd7 7. a4 b4 8. Ne2 c5 9. c3 bxc3 10. bxc3 Bb7 11. O-O cxd4 12. cxd4 Ngf6 13. Ng3 O-O 14. Kh1 Rc8 15. Rb1 Qc7 16. Qe2 d5 17. e5 Ne4 18. Nxe4 dxe4 19. Bxe4 Bxe4 20. Qxe4 Qc4 21.
Ba3 Qxa4 22. Bxe7 Rfe8 23. Bd6 Nf6 24. Qb7 Ng4 25. Ng5 Qxd4 26. Qxf7+ Kh8 27. Ne6 Rxe6 28.
Qxe6 Rc1 29. Qe8+ 1-0

[Event "*** Titled Tuesday Blitz"]
[Site "Chess.com"]
[Date "2018.12.04"]
[Round "4"]
[White "Jadeit90"]
[Black "Jenia84"]
[Result "1-0"]
[WhiteElo "2278"]
[BlackElo "2211"]
[TimeControl "180+2"]
[EndTime "13:47:29 PST"]
[Termination "Jadeit90 won by resignation"]

1. g3 g6 2. Bg2 Bg7 3. e4 c5 4.
Nc3 Nc6 5. d3 d6 6. Be3 Nf6 7.
h3 O-O 8. Nge2 Rb8 9. a4 a6 10. O-O b5 11. axb5 axb5 12. Qd2 b4 13. Nd1 Ne8 14.
d4 cxd4 15. Nxd4 Nxd4 16. Bxd4 Bxd4 17. Qxd4 Nc7 18. Ne3 Ne6 19. Qd2 Bd7 20. f4 Qb6 21. Kh2 Qd4 22. Qxd4 Nxd4 23. Rfd1 Nb5 24. Nd5 Rfe8 25.
g4 b3 26. c3 Be6 27. Nb4 Rec8 28. f5 Bc4 29. Bf1 Bxf1 30. Rxf1 Rc4 31. Rfe1 Na7 32.
Kg3 Nc6 33. Nxc6 Rxc6 34. e5 Rb5 35. exd6 exd6 36. f6 h5 37. Re8+ Kh7 38. Raa8 g5 39. gxh5 1-0

[Event "*** Titled Tuesday Blitz"]
[Site "Chess.com"]
[Date "2018.12.04"]
[Round "4"]
[White "Panchenko_Dmitry"]
[Black "PelinGorki"]
[Result "0-1"]
[WhiteElo "2539"]
[BlackElo "2507"]
[TimeControl "180+2"]
[EndTime "13:47:32 PST"]
[Termination "PelinGorki won by checkmate"]

1. e4 c5 2. Nf3 d6 3. d4 cxd4 4. Nxd4 Nf6 5. Nc3 Nc6 6. Bg5 e6 7. Qd2 Be7 8. O-O-O a6 9. f3 Bd7 10. h4 b5 11. Nxc6 Bxc6 12. Kb1 Qc7 13. Ne2 h6 14. Be3 Rc8 15. Nd4 Bb7 16. Bd3 Nd7 17. g4 Ne5 18. g5 h5 19. Rhf1 d5 20. exd5 Bxd5 21. f4 Nxd3 22.
cxd3 g6 23. Nf3 O-O 24. Ne5 Qb7 25. Bd4 Bxa2+ 26. Ka1 Bb3 27. Rc1 Rxc1+ 28. Rxc1 Rc8 29. Qe3 Bb4 30. Rg1 Rc2 31. Nxg6 Qc7 32. Be5 Qa5+ 33. Kb1 Qa2# 0-1

[Event "*** Titled Tuesday Blitz"]
[Site "Chess.com"]
[Date "2018.12.04"]
[Round "4"]
[White "ASVZ"]
[Black "DishonorOnYourCow"]
[Result "1-0"]
[WhiteElo "2282"]
[BlackElo "2243"]
[TimeControl "180+2"]
[EndTime "13:47:35 PST"]
[Termination "ASVZ won by resignation"]

1. e4 c5 2. c3 Nf6 3. e5 Nd5 4.
d4 cxd4 5. Qxd4 e6 6. Nf3 Nc6 7. Qe4 d6 8. Bb5 Bd7 9. c4 Nc7 10. exd6 Bxd6 11. O-O O-O 12. Rd1 Qe7 13. Nc3 a6 14.
Ba4 f5 15. Qd3 Ne8 16. c5 Bc7 17. Qxd7 Qxc5 18. Be3 Qb4 19. Bxc6 bxc6 20. Qxe6+ Kh8 21. Qxc6 Rc8 22. Kh1 Qxb2 23. Rab1 Qa3 24. Rb3 Qa5 25. Nd5 Rf6 26. Nxf6 1-0

[Event "*** Titled Tuesday Blitz"]
[Site "Chess.com"]
[Date "2018.12.04"]
[Round "4"]
[White "SCIM"]
[Black "Chessialist"]
[Result "1-0"]
[WhiteElo "2435"]
[BlackElo "2482"]
[TimeControl "180+2"]
[EndTime "13:47:40 PST"]
[Termination "SCIM won by checkmate"]

1. d4 Nf6 2. c4 e5 3. dxe5 Ng4 4. e4 Nxe5 5. f4 Nec6 6. Be3 Bb4+ 7. Nd2 b6 8. Nf3 O-O 9. Bd3 Bc5 10. Bxc5 bxc5 11.
e5 d6 12. exd6 cxd6 13. O-O Bb7 14. Bxh7+ Kxh7 15. Ng5+ Kg6 16. f5+ Kxg5 17. Ne4+ Kh6 18. Rf3 g5 19. Rh3+ Kg7 20. f6+ Kg6 21. Qh5+ Kf5 22.
Qxg5+ Ke6 23. Qg4+ Ke5 24. Rh5+ Kd4 25. Nxd6+ Kd3 26.
Rh3+ Kc2 27. Qe2# 1-0

[Event "*** Titled Tuesday Blitz"]
[Site "Chess.com"]
[Date "2018.12.04"]
[Round "4"]
[White "vanyakuba"]
[Black "Ravan_02"]
[Result "0-1"]
[WhiteElo "2355"]
[BlackElo "2496"]
[TimeControl "180+2"]
[EndTime "13:47:48 PST"]
[Termination "Ravan_02 won on time"]

1. e4 e5 2. Nf3 Nc6 3. Nc3 Nf6 4.
g3 d5 5. exd5 Nxd5 6. d3 Be7 7.
Bg2 Be6 8. O-O O-O 9. Re1 Nxc3 10. bxc3 Bf6 11. Bd2 Qd7 12. Ng5 Bd5 13. Ne4 Bxe4 14. Bxe4 Nd8 15. Rb1 c6 16. Qf3 Ne6 17. Qf5 Rfe8 18.
Qxh7+ Kf8 19. Kg2 Ke7 20. Qf5 g6 21. Qf3 Bg7 22. g4 Rh8 23. h3 Bh6 24. Bxh6 Rxh6 25. Rh1 Nf4+ 26. Kf1 Rah8 27. h4 Rxh4 28. Rxh4 Rxh4 0-1

[Event "*** Titled Tuesday Blitz"]
[Site "Chess.com"]
[Date "2018.12.04"]
[Round "4"]
[White "aa175"]
[Black "nitpicker"]
[Result "0-1"]
[WhiteElo "1918"]
[BlackElo "2183"]
[TimeControl "180+2"]
[EndTime "13:47:48 PST"]
[Termination "nitpicker won on time"]

1. a3 g6 2. d4 Bg7 3. h4 h5 4.
Nf3 b6 5. Bg5 Bb7 6. c4 c5 7.
Nc3 Bxf3 8. exf3 Bxd4 9. Nb5 Bxb2 10. Rb1 Bf6 11. Qd5 Nc6 12. Bd3 a6 13. Be4 Rc8 0-1

[Event "*** Titled Tuesday Blitz"]
[Site "Chess.com"]
[Date "2018.12.04"]
[Round "4"]
[White "dyziotomi99"]
[Black "Alexander_Moskalenko"]
[Result "1-0"]
[WhiteElo "2627"]
[BlackElo "2827"]
[TimeControl "180+2"]
[EndTime "13:47:49 PST"]
[Termination "dyziotomi99 won by resignation"]

1. e4 d6 2. d4 Nf6 3. Nc3 e5 4.
Nge2 Nbd7 5. f3 Be7 6. Be3 O-O 7. Qd2 c6 8. O-O-O b5 9. Kb1 a5 10. Nc1 a4 11. Nd3 b4 12. Nxb4 exd4 13. Bxd4 c5 14. Nc6 Qe8 15. Nxe7+ Qxe7 16. Bxf6 Nxf6 17. Qxd6 Qa7 18.
Bc4 a3 19. b3 Qa5 20. Qd2 Qb6 21. e5 Nd7 22. f4 Nb8 23. Nd5 Qa7 24. f5 Bxf5 25. Qg5 Bg6 26. Ne7+ Kh8 27. Bd5 c4 28. Nxg6+ fxg6 29. Bxa8 cxb3 30. axb3 a2+ 31. Ka1 Qxa8 32. Rd8 Rg8 33. Rxg8+ Kxg8 34. Qd8+ 1-0

[Event "*** Titled Tuesday Blitz"]
[Site "Chess.com"]
[Date "2018.12.04"]
[Round "4"]
[White "GhostOfGreenval"]
[Black "eldur16"]
[Result "1-0"]
[WhiteElo "2845"]
[BlackElo "2637"]
[TimeControl "180+2"]
[EndTime "13:47:56 PST"]
[Termination "GhostOfGreenval won by resignation"]

1. e4 c5 2. Nf3 e6 3. d4 cxd4 4.
Nxd4 a6 5. Bd3 Nf6 6. O-O d6 7. Be3 Be7 8. c4 O-O 9. Nc3 Bd7 10. f3 Nc6 11. Kh1 Qb8 12. Rc1 Rc8 13. b3 Nxd4 14. Bxd4 b5 15. Qe2 b4 16. Nd1 a5 17. f4 e5 18. Bb2 a4 19. Ne3 axb3 20. axb3 Be6 21.
f5 Bd7 22. g4 h6 23. h4 Bc6 24. Nd5 Nxd5 25. exd5 Bd7 26. f6 Bxf6 27. Qe4 Ra2 28.
Qh7+ Kf8 29. Rxf6 gxf6 30. Qxh6+ Ke7 31. Rf1 Rxb2 32. Qxf6+ Ke8 33. Bg6 Bxg4 34. Qh8+ 1-0